 Dungeon Crawl Stone Soup version 0.29-a0-474-gdfe5cd140f (webtiles) character file.

Game seed: 9244111590987807224

2900 Bruhh the Fighter (level 9, -2/101 HPs)
             Began as an Ogre Transmuter on May 24, 2022.
             Was a Priest of Cheibriados.
             Slain by a gnoll
             ... wielding a +0 spear
             ... led by a gnoll sergeant
              (4 damage)
             ... on level 7 of the Dungeon.
             The game lasted 00:12:28 (8650 turns).

Bruhh the Fighter (Ogre Transmuter)                 Turns: 8650, Time: 00:12:29

Health: -2/101     AC:  2    Str: 22    XL:     9   Next: 78%
Magic:  21/25      EV: 19    Int: 24    God:    Cheibriados [***...]
Gold:   1353       SH:  0    Dex: 20    Spells: 14/18 levels left

rFire   . . .      SeeInvis .     - Unarmed
rCold   . . .      Faith    .   (shield currently unavailable)
rNeg    . . .      Spirit   .   (body armour currently unavailable)
rPois   x          Reflect  .   (helmet currently unavailable)
rElec   .          Harm     .   (cloak currently unavailable)
rCorr   .          Rampage  .   (gloves unavailable)
Will    .....                   (boots unavailable)
Stlth   ++........              (no amulet)
HPRegen 0.26/turn               b - ring of magical power
MPRegen 0.19/turn               (no ring)

@: spider-form, very slow
A: venomous fangs, tiny, unfitting armour, (tough skin 1)
a: End Transformation, Renounce Religion, Bend Time, Temporal Distortion


You were on level 7 of the Dungeon.
You worshipped Cheibriados.
Cheibriados was most pleased with you.
You were a venomous arachnid creature.
You visited 2 branches of the dungeon, and saw 8 of its levels.

You collected 1353 gold pieces.

Inventory:

Missiles
 u - a throwing net
Armour
 a - a +0 robe (melded)
Jewellery
 b - a ring of magical power (left front leg)
 g - a ring of protection from fire
 j - an amulet of magic regeneration
 s - an amulet of reflection
 w - a +6 ring of intelligence
 x - an amulet of guardian spirit
Wands
 o - a wand of paralysis (7)
 v - a wand of digging (5)
Scrolls
 c - a scroll of vulnerability {unknown}
 i - a scroll of summoning
 k - 2 scrolls of identify
 l - 6 scrolls of amnesia
 n - 2 scrolls of enchant weapon
 r - 2 scrolls of blinking {unknown}
Potions
 e - a potion of might {unknown}
 f - 2 potions of degeneration
 h - 2 potions of mutation {unknown}
 m - a potion of haste {unknown}
 p - 2 potions of berserk rage {unknown}
 q - 3 potions of resistance
 t - 2 potions of attraction {unknown}
 z - a potion of flight {unknown}


   Skills:
 - Level 10.0 Fighting
 - Level 1.7 Dodging
 * Level 9.3 Unarmed Combat
 - Level 5.0 Spellcasting
 - Level 3.0 Transmutations


You had 14 spell levels left.
You knew the following spells:

 Your Spells              Type           Power      Damage    Failure   Level
a - Beastly Appendage     Tmut           40%        N/A       10%         1
b - Spider Form           Tmut/Pois      13%        N/A       32%         3

Your spell library contained the following spells:

 Spells                   Type           Power      Damage    Failure   Level
 Wereblood                Tmut           20%        N/A       12%         2
 Ensorcelled Hibernation  Hex/Ice        12%        N/A       30%         2
 Ignite Poison            Fire/Tmut/Pois 10%        N/A       36%         3
 Conjure Flame            Conj/Fire      6%         6-21      47%         3
 Dazzling Flash           Conj/Hex       12%        N/A       47%         3
 Ice Form                 Ice/Tmut       13%        N/A       65%         4
 Anguish                  Hex/Necr       3%         N/A       83%         4
 Iskenderun's Mystic Bla  Conj/Tloc      6%         2d4       83%         4
 Sticky Flame             Conj/Fire      6%         2d3       83%         4
 Starburst                Conj/Fire      3%         6d3       100%        6


Dungeon Overview and Level Annotations

Branches:
Dungeon (7/15)             Temple (1/1) D:4

Altars:
Cheibriados
Dithmenos
Fedhas
Kikubaaqudgha
Makhleb
Ru
Trog
Uskayaw
Vehumet
Wu Jian
Xom


Innate Abilities, Weirdness & Mutations

You are a venomous arachnid creature.
You have poisonous fangs.
You are tiny and dextrous.
Your spellcasting is less reliable in this form.
Your armour is entirely melded.
You are incapable of wielding weapons or throwing items.
You are too large for most types of armour.
((You have tough skin. (AC +1)))


Message History

The gnoll sergeant hits you with a +3 vorpal spear!
The gnoll closely misses you.
You hit the gnoll sergeant but do no damage.
The gnoll sergeant is severely wounded.
The gnoll sergeant hits you with a +3 vorpal spear.
* * * LOW HITPOINT WARNING * * *
x2 The gnoll barely misses you.
Unknown command.
You feel better.
The gnoll sergeant hits you with a +3 vorpal spear!
* * * LOW HITPOINT WARNING * * *
x2 The gnoll hits you from afar with a +0 spear!
* * * LOW HITPOINT WARNING * * *
You punch the gnoll sergeant!
You kill the gnoll sergeant!
Cheibriados thoroughly appreciates the change of pace.
The gnoll hits you from afar with a +0 spear.
* * * LOW HITPOINT WARNING * * *
Your magical contamination has completely faded away.
The gnoll hits you with a +0 spear.
* * * LOW HITPOINT WARNING * * *
The gnoll barely misses you.
Okay, then.
You hit the gnoll.
The gnoll is moderately wounded.
The gnoll hits you with a +0 spear!
* * * LOW HITPOINT WARNING * * *
Okay, then.
Okay, then.
You hit the gnoll but do no damage.
The gnoll is moderately wounded.
The gnoll hits you with a +0 spear.
* * * LOW HITPOINT WARNING * * *
Okay, then.
Okay, then.
Casting: Spider Form (dangerous; 14% risk of failure)
Confirm with . or Enter, or press ? or * to list all spells.
You turn into a venomous arachnid creature.
Your +0 robe melds into your body.
The gnoll hits you with a +0 spear.
You die...

#........# #
#........###
.##.......$..
..........#
#........#
#........#
#...g....#
###########.).s.##.#
.......<.####......#
########.#
#...#####.# #.#
#.=.......#########
#.#
#.#.########......#
#.# #.#.# ##.#..#.#
#.# #.#)# ##...#...#
########.# #.#)#
#.[#..#..#
#........# #.#.#
#...#..#..


You could see a gnoll.

Vanquished Creatures
  A troll (D:6)
  Prince Ribbit (D:6)
  Sigmund (D:6)
  Menkaure (D:5)
  Edmund (D:4)
  2 ice beasts
  An orc warrior (D:7)
  A sky beast (D:6)
  2 ogres
  A centaur (D:7)
  A kobold brigand (D:7)
  A gnoll sergeant (D:7)
  5 scorpions
  4 wights (D:6)
  A howler monkey (D:6)
  2 orc priests
  2 jellies
  2 gnoll shamans
  A hound (D:5)
  6 iguanas
  An orc wizard (D:4)
  23 gnolls
  9 adders
  2 shadow imps
  A white imp (D:7)
  2 ufetubi
  2 worms
  2 dart slugs (D:2)
  9 orcs
  5 bats
  4 endoplasms
  8 giant cockroaches
  4 goblins
  8 hobgoblins
  7 jackals
  11 kobolds
  3 quokkas
  8 ball pythons
  7 frilled lizards
  3 rats (D:2)
156 creatures vanquished.

Notes
Turn   | Place    | Note
-------+----------+-------------------------------------------
     0 | D:1      | Bruhh the Ogre Transmuter began the quest for the Orb.
     0 | D:1      | Reached XP level 1. HP: 19/19 MP: 3/3
   197 | D:1      | Reached XP level 2. HP: 27/28 MP: 3/5
   370 | D:1      | Reached skill level 2 in Fighting
   535 | D:1      | Reached XP level 3. HP: 13/35 MP: 5/7
  1420 | D:2      | Reached XP level 4. HP: 26/44 MP: 8/8
  1682 | D:2      | Found a shimmering altar of Xom.
  1821 | D:2      | Found a faded altar of an unknown god.
  2190 | D:2      | Reached skill level 3 in Fighting
  2709 | D:3      | You fall into a shaft and drop 2 floors!
  2709 | D:5      | Entered Level 5 of the Dungeon
  2718 | D:5      | Reached XP level 5. HP: 53/53 MP: 10/10
  2723 | D:5      | Noticed Menkaure
  2732 | D:5      | Killed Menkaure
  2733 | D:5      | Reached skill level 4 in Fighting
  2733 | D:5      | Reached XP level 6. HP: 63/63 MP: 10/12
  2875 | D:5      | Learned a level 3 spell: Spider Form
  2948 | D:5      | Noticed an ice beast
  2960 | D:4      | Killed an ice beast
  3287 | D:4      | Reached skill level 5 in Fighting
  3402 | D:4      | HP: 3/66 [acid (10)]
  3428 | D:4      | Reached XP level 7. HP: 22/72 MP: 12/14
  3669 | D:4      | Found a staircase to the Ecumenical Temple.
  3679 | Temple   | Entered the Ecumenical Temple
  3762 | Temple   | Became a worshipper of Cheibriados the Contemplative
  4057 | D:4      | Noticed Edmund
  4068 | D:4      | Killed Edmund
  4069 | D:4      | Reached skill level 5 in Spellcasting
  4443 | D:4      | Reached skill level 6 in Fighting
  4443 | D:4      | Reached skill level 5 in Unarmed Combat
  4912 | D:5      | Found a burning altar of Makhleb.
  4928 | D:5      | Reached * piety under Cheibriados
  5150 | D:5      | Identified a scroll of acquirement
  5164 | D:5      | Acquired 911 gold pieces
  5211 | D:5      | Found a sacrificial altar of Ru.
  5217 | D:5      | Found a blossoming altar of Fedhas.
  5296 | D:5      | Reached XP level 8. HP: 45/84 MP: 15/15
  5526 | D:5      | Reached skill level 7 in Fighting
  5584 | D:5      | Found an ornate altar of the Wu Jian Council.
  5595 | D:5      | Found a shadowy altar of Dithmenos.
  5974 | D:6      | Reached skill level 8 in Fighting
  6447 | D:6      | Reached ** piety under Cheibriados
  6661 | D:6      | Noticed Prince Ribbit
  6674 | D:6      | Killed Prince Ribbit
  6675 | D:6      | Reached skill level 9 in Fighting
  6675 | D:6      | Reached XP level 9. HP: 39/100 MP: 16/16
  7124 | D:6      | Noticed Sigmund
  7138 | D:6      | Killed Sigmund
  7230 | D:6      | Noticed a troll
  7244 | D:6      | Killed a troll
  7245 | D:6      | Reached skill level 10 in Fighting
  7378 | D:6      | Found a radiant altar of Vehumet.
  8231 | D:7      | Found a bloodstained altar of Trog.
  8625 | D:7      | Reached *** piety under Cheibriados
  8649 | D:7      | HP: 2/101 [gnoll/+0 spear[a gnoll sergeant] (4)]
  8650 | D:7      | Slain by a gnoll

Illustrated notes

Levels and vault maps discovered:
D:1:      arrival_zaba_pyramid, layout_basic, minmay_worlds_worst_comb
D:2:      minmay_diamond_boxcup, layout_rooms, basic_altar,
          chequers_ecumenical_altar_island, serial_bayou_pond_e, st_stairs_2
D:3:      layout_basic, mainiacjoe_overflow_surrounded_room,
          grunt_decor_junction, dk_vineyard_1
D:4:      layout_loops_cross, minmay_temple_entry_proselytizer, minmay_circle_x,
          uniq_edmund, uniq_eustachio
D:5:      layout_loops_ring, mainiacjoe_overflow_big_doors,
          lightli_temple_of_fire, amethyst_overflow_temple_binary, uniq_menkaure
D:6:      layout_basic, nicolae_vehumet_radiance, uniq_prince_ribbit1,
          uniq_sigmund
D:7:      layout_loops_ring, trog_butcher_becter, minmay_misc_feat_diagonals
Temple:   dpeg_chambers_temple

Skill      XL: |  1  2  3  4  5  6  7  8  9 |
---------------+----------------------------+-----
Transmutations | 2 3 |  3.0
Fighting       | 2 3 4 5 6 9 10 | 10.0
Unarmed Combat | 3 4 5 7 9 |  9.3
Spellcasting   | 3 4 5 |  5.0
Dodging        | |  1.7

Action                   |  1- 3 |  4- 6 |  7- 9 || total
-------------------------+-------+-------+-------++-------
Melee: Unarmed           |    83 |   202 |   302 ||   587
       Headbutt          |    12 |    13 |    21 ||    46
       Kick              |    12 |    18 |    36 ||    66
       Punch             |     1 |     2 |     4 ||     7
 Cast: Beastly Appendage |    17 |    25 |    25 ||    67
       Spider Form       |       |     2 |    23 ||    25
  Use: Potion            |       |     6 |     6 ||    12
       Scroll            |       |     2 |     6 ||     8
 Stab: Sleeping          |       |       |     1 ||     1
Armor: Robe              |    33 |    66 |    26 ||   125
       Skin              |       |    18 |     5 ||    23
Dodge: Dodged            |    50 |   122 |   206 ||   378

Table legend: (Time is in decaauts)
 A = Elapsed time spent in this place.
 B = Non-inter-level travel time spent in this place.
 C = Inter-level travel time spent in this place.
 D = Time resting spent in this place.
 E = Time spent auto-exploring this place.
 F = Levels seen in this place.
 G = Mean time per level.
                   A        B        C        D        E       F      G
               +--------+--------+--------+--------+--------+-----+--------+
         Total |   9388 |   9243 |    145 |    340 |   7392 |   8 | 1173.5 |
       Dungeon |   9294 |   9149 |    145 |    340 |   7322 |   7 | 1327.7 |
        Temple |     93 |     93 |      0 |      0 |     70 |   1 |   93.0 |
               +--------+--------+--------+--------+--------+-----+--------+

Top non-repeatable levels by time:
     D:6: 2183 daAuts
     D:4: 1913 daAuts
     D:1: 1393 daAuts
     D:5: 1260 daAuts
     D:7: 1229 daAuts
     D:2: 913 daAuts
     D:3: 401 daAuts
  Temple: 93 daAuts
